 Dungeon Crawl Stone Soup version 0.29-a0-845-g6161e89988 (webtiles) character file.

Game seed: 4183554928373471378

25 buhh the Insei (level 3, 29/29 HPs)
             Began as a Meteoran Transmuter on July 15, 2022.
             Was a Follower of Okawaru.
             Quit the game on level 2 of the Dungeon.
             The game lasted 00:01:42 (543 turns).

buhh the Insei (Meteoran Transmuter)                 Turns: 543, Time: 00:01:43

Health: 29/29      AC:  2    Str: 11    XL:     3   Next: 38%
Magic:  8/8        EV: 13    Int: 16    God:    Okawaru [*.....]
Gold:   0          SH:  0    Dex: 15    Spells: 7/8 levels left

rFire   + . .      SeeInvis .     - Unarmed
rCold   . . .      Faith    .   (no shield)
rNeg    . . .      Spirit   .   a - +0 robe
rPois   .          Reflect  .   (helmet currently unavailable)
rElec   .          Harm     .   (no cloak)
rCorr   .          Rampage  .   (no gloves)
Will    .....                   (boots currently unavailable)
Stlth   +.........              (no amulet)
HPRegen 0.09/turn               c - ring of protection from fire
MPRegen 0.11/turn               (no ring)

@: appendages (expiring), glowing
A: horns 2, talons 2, sense surroundings 1, otherworldly, glowing, explore regen
a: End Transformation, Renounce Religion, Heroism


You were on level 2 of the Dungeon.
You worshipped Okawaru.
Okawaru was aware of your devotion.
You had temporarily grown beastly horns and talons.
You visited 1 branch of the dungeon, and saw 2 of its levels.

Inventory:

Armour
 a - a +0 robe (worn)
Jewellery
 c - a ring of protection from fire (left hand)
Potions
 b - a potion of berserk rage {unknown}
 d - a potion of heal wounds {unknown}
 e - a potion of cancellation {unknown}


   Skills:
 + Level 1.6 Fighting
 + Level 2.8 Dodging
 + Level 3.9 Unarmed Combat
 + Level 3.1 Spellcasting
 + Level 2.8 Transmutations


You had 7 spell levels left.
You knew the following spells:

 Your Spells              Type           Power      Damage    Failure   Level
a - Beastly Appendage     Tmut           22%        N/A       6%          1

Your spell library contained the following spells:

 Spells                   Type           Power      Damage    Failure   Level
 Wereblood                Tmut           11%        N/A       9%          2
 Spider Form              Tmut/Pois      7%         N/A       30%         3
 Ice Form                 Ice/Tmut       7%         N/A       71%         4


Dungeon Overview and Level Annotations

Branches:
Dungeon (2/15) Zot: 660

Altars:
Cheibriados
Okawaru


Innate Abilities, Weirdness & Mutations

You have temporarily grown beastly horns and talons.
You passively map a small area around you.
You are easily found by Zot.
You glow in the dark.
You regain HP and MP as you explore.


Message History

The endoplasm freezes you.
You are frozen.
You hit the endoplasm.
You claw the endoplasm, but do no damage.
The endoplasm is severely wounded.
The ball python bites you. The ball python misses you.
The endoplasm hits you but does no damage.
You hit the endoplasm.
The endoplasm is almost dead.
The ball python barely misses you. The ball python closely misses you.
The ball python bites you but does no damage.
The ball python grabs you. The ball python constricts you.
The endoplasm freezes you.
You are frozen.
You hit the endoplasm.
You kill the endoplasm!
Okawaru accepts your kill. The ball python bites you.
The ball python constricts you.
You hit the ball python. Your kick misses the ball python.
The ball python is severely wounded.
The ball python bites you. The ball python constricts you.
You hit the ball python but do no damage.
Your headbutt misses the ball python.
The ball python is severely wounded.
The ball python completely misses you. The ball python constricts you.
You barely miss the ball python. You claw the ball python.
You kill the ball python!
Okawaru accepts your kill.
e - a glowing amethyst potion Your transformation is almost over.
There is a stone staircase leading down here.
You climb downwards.
As you enter the new level, Zot loses track of you.
HP restored.
Found a stone staircase leading down.
There is a stone staircase leading up here.
Found a snail-covered altar of Cheibriados.
There is a snail-covered altar of Cheibriados here.
Char dumped successfully.
Are you sure you want to abandon this character and quit the game? (Confirm with "yes".)

, ## #. .# ...#.
.# *
#.#.####.##### ,
* ,
.............
#.........,
#......(# . , *
#.......# .#
#..@...####...#
* ,
#............. ,
#$..........#.#
* * , *
##.#.#.###......
,.........<....#
*
.........###..#
, * ####.......,
..# ####...#. #
##....# *


There were no monsters in sight!

Vanquished Creatures
  A gnoll (D:1)
  A dart slug (D:1)
  3 ball pythons (D:1)
  2 endoplasms (D:1)
  A hobgoblin (D:1)
  A quokka (D:1)
  A frilled lizard (D:1)
  2 kobolds (D:1)
  2 rats (D:1)
14 creatures vanquished.

Notes
Turn   | Place    | Note
-------+----------+-------------------------------------------
     0 | D:1      | buhh the Meteoran Transmuter began the quest for the Orb.
     0 | D:1      | Reached XP level 1. HP: 16/16 MP: 5/5
    77 | D:1      | Reached XP level 2. HP: 18/23 MP: 4/6
   111 | D:1      | Found a faded altar of an unknown god.
   140 | D:1      | Prayed at the altar of an unknown god.
   140 | D:1      | Became a worshipper of Warmaster Okawaru
   140 | D:1      | Reached * piety under Okawaru
   316 | D:1      | Reached XP level 3. HP: 4/28 MP: 5/8
   502 | D:1      | Glimpsed the power of Zot.
   538 | D:2      | Found a snail-covered altar of Cheibriados.
   543 | D:2      | Quit the game

Illustrated notes

Levels and vault maps discovered:
D:1:      evilmike_arrival_hilbert_curve, layout_basic,
          hellmonk_ecumenical_altar_heavens_door, corexii_leaking_fountain,
          minivault_24
D:2:      layout_loops_ring, basic_altar

Skill      XL: |  1  2 |
---------------+-------+-----
Spellcasting   | 3 |  3.1
Fighting       | |  1.6
Dodging        | |  2.8
Unarmed Combat | |  3.9
Transmutations | |  2.8

Action                   || total
-------------------------++-------
Melee: Unarmed           ||    42
       Kick              ||     4
       Headbutt          ||     2
       Punch             ||     1
 Cast: Beastly Appendage ||     8
  Use: Potion            ||     1
Armor: Robe              ||     5
       Skin              ||     5
Dodge: Dodged            ||    11

Table legend: (Time is in decaauts)
 A = Elapsed time spent in this place.
 B = Non-inter-level travel time spent in this place.
 C = Inter-level travel time spent in this place.
 D = Time resting spent in this place.
 E = Time spent auto-exploring this place.
 F = Levels seen in this place.
 G = Mean time per level.
                   A        B        C        D        E       F      G
               +--------+--------+--------+--------+--------+-----+--------+
         Total |    539 |    539 |      0 |    186 |     68 |   2 |  269.5 |
       Dungeon |    539 |    539 |      0 |    186 |     68 |   2 |  269.5 |
               +--------+--------+--------+--------+--------+-----+--------+

Top non-repeatable levels by time:
     D:1: 533 daAuts
     D:2: 5 daAuts
